 Dungeon Crawl Stone Soup version 0.17-a0-1760-ga6756ae (webtiles) character file.

102 Gorice the Ducker (level 4, -1/33 HPs)
             Began as a Felid Berserker on Sept 3, 2015.
             Was a Believer of Trog.
             Slain by an orc
             ... wielding a +0 hand axe
              (7 damage)
             ... on level 3 of the Dungeon.
             The game lasted 00:09:26 (3393 turns).

Gorice the Ducker (Felid Berserker)                 Turns: 3393, Time: 00:09:26

Health: -1/33      AC:  1    Str: 18    XL:     4   Next: 49%
Magic:  5/5        EV: 20    Int:  8    God:    Trog [**....]
Gold:   217        SH:  0    Dex: 17    Spells: 0 memorised, 3 levels left
                                        Lives:  0   Deaths: 1

rFire  . . .     SeeInvis +       - Unarmed
rCold  . . .     Clarity  .     (armour unavailable)
rNeg   + . .     SustAt   .     (shield unavailable)
rPois  .         Gourm    .     (helmet unavailable)
rElec  .         Spirit   .     (cloak unavailable)
rCorr  .         Warding  .     (gloves unavailable)
rMut   .         Stasis   .     (boots unavailable)
MR     .....                    (no amulet)
Stlth  ..........               (no ring)
                                l - ring of positive energy

@: berserking, very quick, not resistant to hostile enchantments, extremely
unstealthy
A: no armour, no weapons or thrown items, claws 1, fangs 3, see invisible,
carnivore 3, speed 1, shaggy fur 1, slow metabolism 1, sharp paws
a: Burn Spellbooks, Berserk, Trog's Hand, Renounce Religion


You were on level 3 of the Dungeon.
You worshipped Trog.
Trog was pleased with you.
You were very full.

You visited 1 branch of the dungeon, and saw 4 of its levels.

You collected 217 gold pieces.

Inventory:

Jewellery
 l - a ring of positive energy (left paw)
Magical devices
 e - a wand of flame (7)
Scrolls
 d - 3 scrolls of remove curse
 k - a scroll of magic mapping {!r}
Potions
 c - a potion of cure mutation {!q}
 f - a potion of curing
 g - a potion of agility {unknown}
 h - a potion of lignification {unknown}
 i - 3 potions of flight
 j - a potion of heal wounds {unknown}
Comestibles
 a - 2 meat rations {!e}


   Skills:
 + Level 4.0 Fighting
 + Level 4.9 Dodging
 * Level 4.8 Unarmed Combat


You had 3 spell levels left.
You didn't know any spells.

Dungeon Overview and Level Annotations

Branches:
Dungeon (4/15)
 Temple: D:4-7

Altars:

Annotations:
D:4 pUX: shafted here, exclusion: jelly


Innate Abilities, Weirdness & Mutations

You cannot wear armour.
You are incapable of wielding weapons or throwing items.
You have sharp claws.
You have razor-sharp teeth.
You have supernaturally acute eyesight.
You are carnivorous and can eat meat at any time.
You cover ground quickly.
You are covered in fur (AC +1).
You have a slow metabolism.
Your sharp claws are effective at attacking unaware monsters.


Message History

The orc completely misses you.
You are now level 4!
You rejoin the land of the living...
Eating one of 4 chunks of flesh.
This raw flesh tastes great.
You continue eating. x2
Eating one of 3 chunks of flesh.
This raw flesh tastes great.
You continue eating. x2
Eating one of 2 chunks of flesh.
This raw flesh tastes great.
You continue eating. x2
Eating a chunk of flesh.
This raw flesh tastes great.
You continue eating. x2
Done exploring.
Unknown command.
Done exploring.
The orc is too close now for your liking.
The orc priest hits you with a hand axe.
Damage: 3 (max 3)
You scratch the orc priest.
The orc priest is heavily wounded.
You scratch the orc priest.
The orc priest is severely wounded.
The orc priest mumbles some strange prayers to Beogh against you.
Something smites you!
Ouch! That really hurt!
* * * LOW HITPOINT WARNING * * *
Damage: 15 (max 15)
You are too injured to fight recklessly!
You are too injured to fight recklessly!
You are too injured to fight recklessly!
You are too injured to fight recklessly!
You are too injured to fight recklessly!
You are too injured to fight recklessly!
You are too injured to fight recklessly!
You are too injured to fight recklessly!
Use which ability?
A red film seems to cover your vision as you go berserk!
You feel yourself moving faster!
You feel mighty!
You feel somewhat less full. The orc priest completely misses you.
You are too injured to fight recklessly!
You are too injured to fight recklessly!
You are too injured to fight recklessly!
You are too injured to fight recklessly!
You are too injured to fight recklessly!
You are too injured to fight recklessly!
You claw the orc priest!
You kill the orc priest!
Trog accepts your kill.
You closely miss the orc. The orc hits you with a hand axe!
You die...

####### ####### #.....#
#.....#
#.....#####.###.########
#..........o.†.>.......#
#.....#####@###)######.#
#.....# #o....# #.#
###.### ####### #.# #.#
#.# #.# ####### #.# #.#
#.....####.##### #.#
#.###........... #.# #.#
#######.###. #.# #.# #.#
#.


You could see 2 orcs.

Vanquished Creatures
  An orc priest (D:3)
  A worker ant (D:3)
  5 adders
  2 oozes
  An adder zombie (D:4)
  A giant gecko (D:2)
  2 orcs (D:3)
  5 giant cockroaches
  10 goblins
  4 hobgoblins
  3 jackals (D:2)
  A quokka (D:3)
  4 ball pythons
  3 bats
  3 giant newts
  8 kobolds
  A quokka skeleton (D:4)
  8 rats
63 creatures vanquished.

Notes
Turn   | Place    | Note
--------------------------------------------------------------
     0 | D:1      | Gorice the Felid Berserker began the quest for the Orb.
     0 | D:1      | Reached XP level 1. HP: 10/10 MP: 2/2
   213 | D:1      | Reached XP level 2. HP: 14/14 MP: 3/3
   664 | D:2      | Acquired Trog's second power
   668 | D:2      | Reached XP level 3. HP: 14/17 MP: 4/4
   886 | D:2      | Reached skill level 4 in Unarmed Combat
   935 | D:2      | Found a faded altar to an unknown god.
  1182 | D:2      | You fall through a shaft for 2 floors!
  1584 | D:3      | --pUX: shaft passthru
  1603 | D:2      | Reached XP level 4. HP: 21/21 MP: 5/5
  2974 | D:4      | Noticed an ogre
  3121 | D:3      | HP: 6/22 [poisoned by a worker ant]
  3125 | D:3      | Reached skill level 4 in Fighting
  3125 | D:3      | Reached XP level 5. HP: 25/25 MP: 6/6
  3352 | D:4      | HP: 7/25 [orc priest/divine providence (14)]
  3357 | D:3      | Killed from afar by an orc priest
  3358 | D:3      | Reached XP level 4. HP: 0/33 MP: 5/5
  3389 | D:3      | HP: 4/22 [orc priest/divine providence (15)]
  3393 | D:3      | Slain by an orc

Vault maps used:
D:1:      scummos_arrival_gate, hex_tiny
D:2:      ecumenical_altar_2, first_bread
D:4:      minmay_ogre_servants

Action                   |  1- 3 |  4- 6 || total
-------------------------+-------+-------++-------
Melee: Unarmed           |    97 |    66 ||   163
Invok: Berserk           |       |     3 ||     3
  Use: Scroll            |     6 |     4 ||    10
       Potion            |       |     1 ||     1
 Stab: Sleeping          |     4 |     5 ||     9
  Eat: Chunk             |     9 |     8 ||    17

Table legend:
 A = Turns spent in this place as a percentage of turns spent in the entire game.
 B = Non-inter-level travel turns spent in this place as a percentage of non-inter-level travel turns spent in the entire game.
 C = Inter-level travel turns spent in this place as a percentage of turns spent in this place.
 D = Turns resting spent in this place as a percentage of non-inter-level travel turns spent in this place.
 E = Turns spent auto-exploring this place as a percentage of non-inter-level travel turns spent in this place.
 F = Non-inter-level travel turns spent in this place divided by the number of levels of this place that you've seen.
                   A       B       C       D       E      F
               +-------+-------+-------+-------+-------+----------------------
         Total | 100.0 | 100.0 |   0.9 |   2.5 |  10.2 | 231.2
       Dungeon | 100.0 | 100.0 |   0.9 |   2.5 |  10.2 | 231.2
               +-------+-------+-------+-------+-------+----------------------

Vault maps used:
D:1:      scummos_arrival_gate, hex_tiny
D:2:      ecumenical_altar_2, first_bread
D:4:      minmay_ogre_servants
